 Dungeon Crawl Stone Soup version 0.26-a0-651-gb41185065b (webtiles) character file.

Game seed: 16796043900106964289

10707 Flugslaktarn the Cleaver (level 11, -12/106 HPs)
             Began as a Deep Dwarf Fighter on Oct 12, 2020.
             Was an Elder of Makhleb.
             Mangled by a two-headed ogre
             ... wielding a +0 dire flail
              (14 damage)
             ... on level 12 of the Dungeon.
             The game lasted 00:05:12 (6379 turns).

Flugslaktarn the Cleaver (Deep Dwarf Fighter)       Turns: 6379, Time: 00:05:12

Health: -12/106    AC: 15    Str: 23    XL:     11   Next: 39%
Magic:  1/2        EV:  7    Int:  8    God:    Makhleb [****..]
Gold:   666        SH:  9    Dex: 13    Spells: 10/10 levels left

rFire    . . .     SeeInvis +   a - +1 war axe
rCold    . . .     Faith    +   c - +0 kite shield
rNeg     . . .     Spirit   .   B - +0 plate armour
rPois    .         Reflect  .   (no helmet)
rElec    .         Harm     .   (no cloak)
rCorr    .         Rampage  .   k - +1 pair of gloves
MR       +....                  (no boots)
Stlth    ..........             y - amulet of faith
HPRegen  0.00/turn              (no ring)
MPRegen  0.08/turn              (no ring)

@: non-regenerating, drained
A: damage resistance, heal wounds, see invisible, clumsy 1, sense surroundings
2, strong 1, no regeneration
a: Heal Wounds, Minor Destruction, Lesser Servant of Makhleb, Major Destruction,
Renounce Religion


You were on level 12 of the Dungeon.
You worshipped Makhleb.
Makhleb was greatly pleased with you.
You visited 2 branches of the dungeon, and saw 13 of its levels.

You collected 666 gold pieces.

Inventory:

Hand Weapons
 a - a +1 war axe (weapon)
Armour
 c - a +0 kite shield (worn)
 k - a +1 pair of gloves (worn)
   (You found it on level 7 of the Dungeon)
 B - a +0 plate armour (worn)
   (You took it off an orc warrior on level 10 of the Dungeon)
Jewellery
 g - an uncursed amulet of the acrobat
   (You found it on level 5 of the Dungeon)
 y - an amulet of faith (around neck)
   (You found it on level 10 of the Dungeon)
Wands
 b - a wand of paralysis (10)
   (You found it on level 7 of the Dungeon)
 l - a wand of acid (10)
   (You found it on level 7 of the Dungeon)
 v - a wand of iceblast (7)
   (You found it on level 9 of the Dungeon)
Scrolls
 i - a scroll of enchant weapon
 o - a scroll of random uselessness {unknown}
 r - 7 scrolls of identify
 s - a scroll of magic mapping {unknown}
 t - 5 scrolls of teleportation
 u - a scroll of immolation
 x - 6 scrolls of remove curse
 z - a scroll of blinking
Potions
 d - 2 potions of might
 e - a potion of brilliance
 f - a potion of stabbing
 h - 3 potions of haste
 j - a potion of flight {unknown}
 m - 2 potions of lignification
 p - a potion of invisibility {unknown}
 q - 5 potions of curing
 w - 2 potions of heal wounds
 A - a potion of berserk rage {unknown}


   Skills:
 * Level 9.4(8.6) Fighting
 * Level 10.6(9.9) Axes
 + Level 8.3(7.6) Armour
 + Level 7.2(6.5) Dodging
 - Level 3.5(2.9) Shields
 + Level 8.2(7.5) Invocations
 + Level 3.4(2.7) Evocations


You had 10 spell levels left.
You didn't know any spells.
Your spell library was empty.

Dungeon Overview and Level Annotations

Branches:
Dungeon (12/15)            Temple (1/1) D:4            Lair (0/6) D:10
    Orc (0/2) D:11

Altars:
Ashenzari
Cheibriados
Dithmenos
Elyvilon
Fedhas
Gozag
Hepliaklqana
Makhleb
Nemelex Xobeh
Okawaru
Qazlal
Ru
Sif Muna
Trog
Uskayaw
Vehumet
Wu Jian
Xom
Yredelemnul
Zin
The Shining One

Shops:
D:5 (   D:6 }

Annotations:
D:4 exclusion: statue
D:7 2 transporters, PanSaczeczos's ghost, journeyman HaHu


Innate Abilities, Weirdness & Mutations

You are resistant to damage.
You can heal yourself by infusing magical energy.
You passively map the area around you.
You do not regenerate.
You have supernaturally acute eyesight. (SInv)
You are clumsy. (Dex -2)
Your muscles are strong. (Str +2)


Message History

The gargoyle hurls a stone arrow at you.
The stone arrow hits you!
* * * LOW HITPOINT WARNING * * *
You block the two-headed ogre's attack.
The two-headed ogre hits you with a +0 giant club!!
* * * LOW HITPOINT WARNING * * *
The adder bites you but does no damage.
Evoke which item? (* to show all) (? for menu, Esc to quit)
Aiming: Paralyse
Press: ? - help, Shift-Dir - straight line, f/p - two-headed ogre
Aim: a two-headed ogre, wielding a +0 dire flail and a +0 giant club (heavily wounded, chance to defeat MR: 36%)
The two-headed ogre easily resists.
Your neqoxec hits the gargoyle but does no damage.
The adder bites you but does no damage.
The gargoyle hurls a stone arrow at you.
The stone arrow hits you!
* * * LOW HITPOINT WARNING * * *
You block the two-headed ogre's attack.
The two-headed ogre hits you with a +0 giant club!!
You die...

, * #......... , *
,* #......... , ,
#......... * ,,, ,
#......... , , .,
#........., , * ,,
.(.#####.........
, ,, ,
...............(.
, ,
,.......39O.......
,.......YS@.......
,, * ,
<..##############
, . * , , , * ,,
,, , , , , **
,,,,*, , * ,, , *
+ * , * , , * , ,
,, , * , , , ,*8 ,
,, ,


You could see a two-headed ogre, a gargoyle, a sky beast, an adder and a
friendly neqoxec (summoned).

Vanquished Creatures
  A centaur warrior (D:8)
  Pikel (D:6)
  A manticore (D:8)
  Maggie (D:6)
  A troll (D:8)
  Grinder (D:6)
  A slime creature (D:8)
  2 hippogriffs (D:8)
  3 yaks (D:10)
  Edmund (D:5)
  4 ice beasts
  3 orc warriors
  A phantom (D:5)
  2 black bears
  An eye of draining (D:12)
  2 necrophages
  2 sky beasts
  3 ogres
  4 centaurs
  2 lemures (D:6)
  A big kobold (D:10)
  2 gnoll sergeants
  4 bullfrogs
  10 scorpions
  3 killer bees (D:10)
  15 wights
  4 howler monkeys
  3 hounds
  A quasit (D:11)
  2 bullfrog zombies
  2 centaur zombies
  2 jellies
  6 orc priests
  4 iguanas
  8 orc wizards
  11 worker ants
  A killer bee zombie (D:9)
  3 hound zombies
  A worker ant zombie (D:8)
  11 gnolls
  11 adders
  2 shadow imps
  3 white imps
  2 ufetubi
  2 adder skeletons (D:4)
  4 worms
  5 dart slugs
  3 leopard geckos
  36 orcs
  5 giant cockroaches
  3 goblins
  5 hobgoblins
  4 jackals
  4 quokkas
  A ball python (D:2)
  3 bats
  3 frilled lizards
  A giant cockroach zombie (D:4)
  A jackal skeleton (D:6)
  2 jackal zombies (D:7)
  11 kobolds
  A leopard gecko zombie (D:5)
  3 quokka skeletons
  3 rats
249 creatures vanquished.

Vanquished Creatures (collateral kills)
  A hydra (D:11)
  A two-headed ogre (D:9)
  A gargoyle (D:11)
  A queen bee (shapeshifter) (D:11)
  2 wyverns
  An acid dragon (D:11)
  A water moccasin (D:11)
  2 orc warriors (D:11)
  A phantom (D:9)
  A big kobold (D:9)
  3 wights (D:11)
  An orc priest (D:11)
  A jelly (D:11)
  5 orcs (D:11)
  4 kobolds (D:9)
26 creatures vanquished.

Vanquished Creatures (others)
  A sky beast (D:9)
1 creature vanquished.

Grand Total: 276 creatures vanquished

Notes
Turn   | Place    | Note
-------+----------+-------------------------------------------
     0 | D:1      | Flugslaktarn the Deep Dwarf Fighter began the quest for the
                  | Orb.
     0 | D:1      | Reached XP level 1. HP: 20/20 MP: 1/1
   132 | D:1      | Reached XP level 2. HP: 14/27 MP: 2/2
   273 | D:2      | Reached XP level 3. HP: 28/34 MP: 3/3
   304 | D:2      | Reached skill level 3 in Axes
   477 | D:4      | Reached XP level 4. HP: 35/42 MP: 4/4
   560 | D:4      | Reached skill level 1 in Dodging
   569 | D:4      | Reached XP level 5. HP: 30/50 MP: 5/5
   631 | D:4      | Reached skill level 4 in Axes
   743 | D:4      | Reached XP level 6. HP: 49/57 MP: 6/6
   753 | D:4      | Found a staircase to the Ecumenical Temple.
   766 | Temple   | Entered the Ecumenical Temple
   958 | Temple   | Became a worshipper of Makhleb the Destroyer
  1185 | D:4      | Found a radiant altar of Vehumet.
  1509 | D:4      | Reached skill level 1 in Invocations
  1755 | D:5      | Entered Level 5 of the Dungeon
  1793 | D:5      | Reached XP level 7. HP: 44/66 MP: 7/7
  1811 | D:5      | Reached skill level 5 in Axes
  1927 | D:5      | Reached * piety under Makhleb
  1927 | D:5      | Reached skill level 5 in Fighting
  1942 | D:5      | Noticed Edmund
  1972 | D:5      | Killed Edmund
  1972 | D:5      | Reached skill level 5 in Armour
  2017 | D:5      | Reached skill level 6 in Axes
  2017 | D:5      | Reached XP level 8. HP: 36/75 MP: 6/6
  2406 | D:5      | Found Gavugyty's Antique Weapon Shoppe.
  2534 | D:6      | Noticed Pikel
  2553 | D:6      | Killed Pikel
  2553 | D:6      | Reached skill level 7 in Axes
  2555 | D:6      | Found a white marble altar of Elyvilon.
  2579 | D:6      | Noticed Grinder
  2594 | D:6      | Killed Grinder
  2594 | D:6      | Gained mutation: You passively map the area around you.
                  | [Deep Dwarf growth]
  2594 | D:6      | Reached XP level 9. HP: 68/85 MP: 7/7
  2626 | D:6      | Reached skill level 5 in Invocations
  2662 | D:6      | Gained mutation: You are clumsy. (Dex -2) [potion of
                  | mutation]
  2662 | D:6      | Gained mutation: You have supernaturally acute eyesight.
                  | (SInv) [potion of mutation]
  2662 | D:6      | Gained mutation: Your muscles are strong. (Str +2) [potion
                  | of mutation]
  2665 | D:6      | Noticed Maggie
  2679 | D:6      | Killed Maggie
  2813 | D:6      | Reached ** piety under Makhleb
  2815 | D:6      | Reached skill level 8 in Axes
  2815 | D:6      | Reached skill level 5 in Dodging
  2934 | D:6      | Found Zydem's Gadget Emporium.
  3369 | D:7      | Found a transporter.
  3382 | D:7      | Found a transporter.
  3448 | D:7      | Found a basalt altar of Yredelemnul.
  3545 | D:7      | Found a hazy altar of Hepliaklqana.
  3633 | D:7      | Noticed PanSaczeczos's ghost (journeyman HaHu)
  3762 | D:7      | Reached *** piety under Makhleb
  3900 | D:8      | Noticed a centaur warrior
  3902 | D:8      | Found a sacrificial altar of Ru.
  3902 | D:8      | Noticed a manticore
  3912 | D:8      | Killed a manticore
  3912 | D:8      | Reached XP level 10. HP: 44/95 MP: 7/7
  3925 | D:8      | Killed a centaur warrior
  3925 | D:8      | Reached skill level 9 in Axes
  3926 | D:8      | Found a radiant altar of Vehumet.
  4331 | D:8      | Found an ornate altar of the Wu Jian Council.
  4339 | D:8      | Found a stormy altar of Qazlal.
  4340 | D:8      | Found a shimmering blue altar of Sif Muna.
  4341 | D:8      | Found a broken altar of Ashenzari.
  4342 | D:8      | Found an opulent altar of Gozag.
  4344 | D:8      | Found a shimmering altar of Xom.
  4540 | D:9      | Noticed a manticore
  4710 | D:9      | Reached **** piety under Makhleb
  4780 | D:9      | Found a sacrificial altar of Ru.
  4805 | D:9      | Noticed a two-headed ogre
  4816 | D:9      | Killed a two-headed ogre
  4816 | D:9      | Reached skill level 10 in Axes
  4816 | D:9      | Reached skill level 1 in Evocations
  4883 | D:9      | Noticed a two-headed ogre
  4884 | D:9      | Noticed a cyclops
  5002 | D:10     | Entered Level 10 of the Dungeon
  5101 | D:10     | Found a staircase to the Lair.
  5107 | D:10     | Reached XP level 11. HP: 83/104 MP: 6/6
  6023 | D:11     | Reached ***** piety under Makhleb
  6118 | D:11     | Noticed a seven-headed hydra
  6133 | D:11     | Killed a seven-headed hydra
  6189 | D:11     | Found a staircase to the Orcish Mines.
  6365 | D:12     | Noticed a two-headed ogre
  6379 | D:12     | HP: 2/106 [gargoyle/stone arrow (6)]
  6379 | D:12     | Mangled by a two-headed ogre

Illustrated notes

Levels and vault maps discovered:
D:1:      shiori_arrival_elements, layout_basic
D:2:      layout_rooms, chequers_ecumenical_altar_simple_redux,
          chequers_serial_rivers_micro_a
D:3:      layout_loops_ring, marbit_many_paths, uniq_terence
D:4:      minmay_skewed_foursquare, layout_cave_pods, vehumet_statue,
          minmay_temple_entry_wispy
D:5:      layout_cave_pools, serial_shops, kennysheep_mini_moat,
          grunt_tough_drop, uniq_edmund
D:6:      layout_loops_ring, serial_shops, shop, elyvilon_altar_5, uniq_pikel,
          uniq_maggie, uniq_grinder
D:7:      layout_basic, kennysheep_mini, gammafunk_ghost_stat_death, basic_altar
D:8:      layout_cave_pools, minitemple, jmf_multi_god_temple
D:9:      layout_roguey, lemuel_crystal_altar, minivault_12
D:10:     layout_stronghold, lair_entry_dummy
D:11:     layout_cave_pools, david_orc_4, serial_glass, glass_columns_a,
          glass_columns_b, glass_columns_b, glass_columns_a, glass_columns_a,
          glass_columns_a, glass_columns_a, glass_columns_b, feat_on_display,
          item_on_display_a, due_unseen_surprise
D:12:     wander_kiku_kobolds, layout_long_grid
Temple:   minmay_temple_bridge_abc

Skill      XL: |  1  2  3  4  5  6  7  8  9 10 11 |
---------------+----------------------------------+-----
Fighting       | 3 4 5 6 7 8 9 |  9.4
Axes           | 3 4 6 7 8 10 | 10.6
Dodging        | 1 2 3 4 5 6 7 |  7.2
Armour         | 4 5 6 7 8 |  8.3
Invocations    | 1 3 4 6 7 8 |  8.2
Evocations     | 1 3 |  3.4
Shields        | |  3.5

Action                   |  1- 3 |  4- 6 |  7- 9 | 10-12 || total
-------------------------+-------+-------+-------+-------++-------
Melee: War axe           |   102 |   165 |   482 |   405 ||  1154
Invok: Lesser Servant of |       |       |       |     8 ||     8
 Abil: Heal Wounds       |     1 |     6 |    18 |    21 ||    46
Evoke: Wand              |       |       |       |     3 ||     3
  Use: Scroll            |       |     5 |     5 |       ||    10
       Potion            |       |       |     2 |     2 ||     4
 Stab: Distracted        |       |       |       |     2 ||     2
Armor: Scale mail        |    50 |     2 |       |       ||    52
       Chain mail        |       |    61 |   203 |   139 ||   403
       Plate armour      |       |       |       |   102 ||   102
Dodge: Dodged            |    39 |    37 |   131 |   188 ||   395
Block: Kite shield       |    50 |    61 |   216 |   274 ||   601

Table legend: (Time is in decaauts)
 A = Elapsed time spent in this place.
 B = Non-inter-level travel time spent in this place.
 C = Inter-level travel time spent in this place.
 D = Time resting spent in this place.
 E = Time spent auto-exploring this place.
 F = Levels seen in this place.
 G = Mean time per level.
                   A        B        C        D        E       F      G
               +--------+--------+--------+--------+--------+-----+--------+
         Total |   6662 |   6424 |    238 |      0 |   4192 |  13 |  512.5 |
       Dungeon |   6447 |   6242 |    205 |      0 |   4013 |  12 |  537.2 |
        Temple |    214 |    181 |     33 |      0 |    179 |   1 |  214.0 |
               +--------+--------+--------+--------+--------+-----+--------+

Top non-repeatable levels by time:
     D:4: 1138 daAuts
    D:10: 844 daAuts
     D:5: 816 daAuts
     D:6: 753 daAuts
     D:7: 635 daAuts
     D:9: 608 daAuts
     D:8: 602 daAuts
    D:11: 525 daAuts
     D:1: 244 daAuts
  Temple: 214 daAuts
     D:2: 189 daAuts
     D:3: 68 daAuts
    D:12: 19 daAuts
